 Dungeon Crawl Stone Soup version 0.30-b1-2-g02819fbbbe (webtiles) character file.

Game seed: 5302437311622758630

8295 dorian the Cleaver (level 11, -6/84 HPs)
             Began as a Minotaur Fighter on May 9, 2023.
             Was a High Priest of Okawaru.
             Mangled by a raiju (8 damage)
             ... on level 1 of the Abyss.
             The game lasted 00:13:46 (7129 turns).

dorian the Cleaver (Minotaur Fighter)               Turns: 7129, Time: 00:13:47

Health: -6/84      AC: 13    Str: 24    XL:     11   Next: 8%
Magic:  9/9        EV: 10    Int:  7    God:    Okawaru [*****.]
Gold:   470        SH:  5    Dex: 11    Spells: 10/10 levels left

rFire   + . .        y - +7 hand axe of Qeotacy {heavy, rF+ Int+2}
rCold   + + .        c - +0 buckler
rNeg    . . .        q - +0 chain mail
rPois   +            (helmet restricted)
rElec   .            (no cloak)
rCorr   +            (no gloves)
SInv    .            h - +0 pair of boots of Jueskueh {Drain rPois rC++ rCorr}
Will    .....        l - amulet of regeneration Stlth
                     (no ring)
HPRegen 0.00/turn    (no ring)
MPRegen 0.11/turn

%: no passive effects
@: sick, studying Armour, unable to read, unable to drink
A: horns 2, retaliatory headbutt, [frail 1], [low MP 1], ([teleportitis 2]),
[inability to drink after injury 2], [inability to read after injury 1]
a: Renounce Religion, Heroism, Finesse, Duel


You were on level 1 of the Abyss.
You worshipped Okawaru.
Okawaru was extremely pleased with you.
You visited 1 branch of the dungeon, and saw 9 of its levels.
You visited the Abyss 1 time.
You also visited: Sewer.

You collected 470 gold pieces.

Inventory:

Hand Weapons
 a - a +1 war axe
 y - the +7 hand axe of Qeotacy (weapon) {heavy, rF+ Int+2}
   (You found it on level 6 of the Dungeon)

   Int:       It affects your intelligence (+2).
   rF:        It protects you from fire.
Armour
 c - a +0 buckler (worn)
 h - the +0 pair of boots of Jueskueh (worn) {Drain rPois rC++ rCorr}
   (You acquired it on level 8 of the Dungeon)

   rC:        It greatly protects you from cold.
   rPois:     It protects you from poison.
   rCorr:     It protects you from acid and corrosion.
   Drain:     It drains your maximum health when unequipped.
 q - a +0 chain mail (worn)
Jewellery
 l - an amulet of regeneration (around neck)
 t - an amulet of magic regeneration
 C - a +6 ring of strength
Wands
 x - a wand of charming (26)
Scrolls
 d - 2 scrolls of fog
 f - 2 scrolls of vulnerability
 g - 3 scrolls of poison
 j - 2 scrolls of teleportation
 o - 3 scrolls of noise
 s - 2 scrolls of enchant armour
 w - a scroll of fear
 A - 2 scrolls of amnesia
 D - a scroll of identify
 E - a scroll of enchant weapon
Potions
 b - a potion of ambrosia {unknown}
 e - a potion of cancellation {unknown}
 i - 4 potions of curing
 k - 2 potions of mutation
 m - 2 potions of lignification
 n - a potion of brilliance {unknown}
 p - 2 potions of attraction
 r - 2 potions of invisibility
 u - 7 potions of flight
 v - 2 potions of heal wounds
 z - a potion of magic
 B - a potion of haste


   Skills:
 + Level 8.1 Fighting
 * Level 14.9 Axes
 + Level 10.9 Armour
 + Level 3.8 Dodging
 + Level 2.3 Stealth
 + Level 6.8 Shields
 + Level 0.1 Invocations


You had 10 spell levels left.
You didn't know any spells.
Your spell library contained the following spells:

 Spells                   Type           Power      Damage    Failure   Level
 Foxfire                  Conj/Fire      0%         2x1d4     92%         1
 Cigotuvi's Dreadful Rot  Necr/Pois/Air  0%         N/A       98%         2
 Sublimation of Blood     Necr           0%         N/A       98%         2
 Wereblood                Tmut           0%         N/A       98%         2
 Ignite Poison            Fire/Tmut/Pois 0%         N/A       100%        3
 Passage of Golubria      Tloc           0%         N/A       100%        4
 Fireball                 Conj/Fire      0%         3d3       100%        5
 Freezing Cloud           Conj/Ice/Air   0%         6-21      100%        5
 Yara's Violent Unravell  Hex/Tmut       0%         3d3       100%        5
 Plasma Beam              Fire/Air       0%         2x1d11    100%        6
 Starburst                Conj/Fire      0%         6d3       100%        6
 Chain Lightning          Conj/Air       0%         N/A       100%        9
 Fire Storm               Conj/Fire      0%         5d1       100%        9
 Shatter                  Erth           0%         3d5*      100%        9
 Tukima's Dance           Hex            Unusable   N/A       N/A         3
 Summon Hydra             Summ           Unusable   N/A       N/A         7

Dungeon Overview and Level Annotations

Branches:
Dungeon (9/15)             Temple (0/1) D:6            Lair (0/5) D:8
  Sewer (visited)
    Orc: D:9-12

Altars:
Cheibriados
Fedhas
Kikubaaqudgha
Nemelex Xobeh
Okawaru
Ru
Trog
Uskayaw
Xom
Zin

Shops:
D:9 *:

Annotations:
D:9 Psyche


Innate Abilities, Weirdness & Mutations

You have a pair of horns on your head.
You reflexively headbutt those who attack you in melee.
[You are frail. (-10% HP)]
[Your magical capacity is low. (-10% MP)]
[((You are often teleported next to monsters.))]
[You sometimes lose the ability to drink potions when taking damage.]
[You occasionally lose the ability to read scrolls when taking damage.]


Message History

Okawaru accepts your kill.
The chaos spawn degenerates into a cloud of primal chaos!
The raiju bites you but does no damage.
You miss the raiju. You slash the raiju!
The raiju is moderately wounded.
The raiju bites you but does no damage.
You slash the raiju!
The raiju is severely wounded.
You block the raiju's attack.
You barely miss the raiju.
The raiju is severely wounded.
The raiju bursts into living lightning!
The living lightning hits you!
The raiju blinks!
The ettin simulacrum hits you!
You feel threatened and lose the ability to read scrolls!
You feel threatened and lose the ability to drink potions!
The ettin simulacrum freezes you! You resist.
The ettin simulacrum hits you but does no damage.
You are too injured to fight recklessly!
You slash the ettin simulacrum!
The ettin simulacrum is heavily damaged.
The ettin simulacrum hits you!!
* * * LOW HITPOINT WARNING * * *
The ettin simulacrum freezes you! You resist.
* * * LOW HITPOINT WARNING * * *
The ettin simulacrum completely misses you.
You cannot drink potions in your current state!
Unknown command.
Unknown command.
You slash the ettin simulacrum!
The ettin simulacrum is almost destroyed.
You slice the ettin simulacrum!!
The ettin simulacrum vaporises!
Okawaru accepts your kill.
Unknown command.
You barely miss the raiju.
The raiju is severely wounded.
The raiju bites you!
You die...

#. #.........
...#..
......####..#..#
#. .# .
###......... .
###.#.#
........# ## . .
... ### #....#
#. ... ..
..##....## # ##.
. # #........##
#.# .. ..
#.#.......###.#.
#.. #
.#.....@...# ..
##. .
##...hâ—‹###.#
#.# #.##...# .#
#.# #.# ##... #
#.# . ....
#.#.## #.#.#
#.###


You could see a raiju.

Vanquished Creatures
  A two-headed ogre (D:7)
  A wretched star (Abyss:1)
  2 cyclopes (D:7)
  2 gargoyles (D:7)
  An ancient zyme (Abyss:1)
  2 trolls
  2 shadows
  2 wraiths
  A wyvern (D:8)
  A vampire mosquito (D:7)
  A chaos spawn (Abyss:1)
  A neqoxec (Abyss:1)
  Menkaure (D:6)
  2 orc warriors
  2 black bears
  A small abomination (Abyss:1)
  2 ice beasts
  3 sky beasts
  An ettin simulacrum (Abyss:1)
  3 ogres
  5 wolves (D:8)
  4 centaurs
  3 phantoms
  2 kobold brigands
  2 bullfrogs (D:7)
  3 scorpions
  A wight (D:7)
  3 electric eels (D:8)
  6 hounds
  4 jellies
  A sleepcap (D:6)
  A gnoll bouda (D:8)
  4 orc priests
  3 iguanas
  9 orc wizards
  17 adders
  5 gnolls
  6 river rats
  3 shadow imps
  2 white imps
  3 worms
  36 orcs
  20 ball pythons
  9 endoplasms
  8 giant cockroaches
  13 goblins
  8 hobgoblins
  10 jackals
  4 quokkas
  7 bats
  4 frilled lizards
  18 kobolds
  6 rats
  2 butterflies (D:6)
264 creatures vanquished.

Vanquished Creatures (others)
  An orc (D:9)
  A kobold (D:8)
  7 plants (D:1)
9 creatures vanquished.

Grand Total: 273 creatures vanquished

Notes
Turn   | Place    | Note
-------+----------+-------------------------------------------
     0 | D:1      | dorian the Minotaur Fighter began the quest for the Orb.
     0 | D:1      | Reached XP level 1. HP: 19/19 MP: 0/0
   223 | D:1      | Reached XP level 2. HP: 27/27 MP: 1/1
   747 | D:2      | Reached XP level 3. HP: 31/33 MP: 2/2
   844 | D:2      | Reached skill level 3 in Axes
   993 | D:2      | Reached XP level 4. HP: 40/40 MP: 3/3
  1057 | D:2      | Reached skill level 1 in Dodging
  1797 | D:3      | Found a blossoming altar of Fedhas.
  1798 | D:3      | Found an ancient bone altar of Kikubaaqudgha.
  1845 | D:3      | Noticed an ogre
  1850 | D:3      | Killed an ogre
  1851 | D:3      | Reached skill level 4 in Axes
  1851 | D:3      | Reached XP level 5. HP: 34/46 MP: 4/4
  1987 | D:4      | Noticed a phantom
  1997 | D:4      | Killed a phantom
  1998 | D:4      | Reached skill level 5 in Axes
  1998 | D:4      | Reached skill level 5 in Armour
  1998 | D:4      | Reached XP level 6. HP: 50/53 MP: 5/5
  2088 | D:4      | Reached skill level 6 in Axes
  2103 | D:4      | Found a snail-covered altar of Cheibriados.
  2678 | D:5      | Entered Level 5 of the Dungeon
  2685 | D:5      | Reached XP level 7. HP: 41/60 MP: 6/6
  2692 | D:5      | Reached skill level 7 in Axes
  3060 | D:5      | Found an iron altar of Okawaru.
  3123 | D:5      | Became a worshipper of Warmaster Okawaru
  3200 | D:5      | Reached skill level 5 in Fighting
  3407 | D:6      | Identified the +7 hand axe of Qeotacy {heavy, rF+ Int+2}
  3411 | D:6      | Reached skill level 8 in Axes
  3485 | D:6      | Reached XP level 8. HP: 65/68 MP: 7/7
  3489 | D:6      | Reached skill level 9 in Axes
  3661 | D:6      | Found a glowing drain.
  3666 | Sewer    | Entered a sewer
  3807 | Sewer    | Reached * piety under Okawaru
  4348 | D:6      | Found a shimmering altar of Xom.
  4364 | D:6      | Reached skill level 5 in Shields
  4572 | D:6      | Noticed Menkaure
  4577 | D:6      | Killed Menkaure
  4578 | D:6      | Reached skill level 10 in Axes
  4729 | D:6      | Found a staircase to the Ecumenical Temple.
  4900 | D:7      | Reached skill level 11 in Axes
  4928 | D:7      | Reached XP level 9. HP: 74/75 MP: 8/8
  4995 | D:7      | Found a sacrificial altar of Ru.
  5235 | D:7      | Found a bloodstained altar of Trog.
  5342 | D:7      | Noticed a cyclops
  5343 | D:7      | Noticed a gargoyle
  5343 | D:7      | Noticed a two-headed ogre
  5343 | D:7      | Noticed a gargoyle
  5343 | D:7      | Noticed a cyclops
  5352 | D:7      | Reached ** piety under Okawaru
  5359 | D:7      | Killed a gargoyle
  5360 | D:7      | Reached skill level 12 in Axes
  5360 | D:7      | Reached skill level 1 in Stealth
  5360 | D:7      | Killed a gargoyle
  5364 | D:7      | Killed a two-headed ogre
  5364 | D:7      | Reached *** piety under Okawaru
  5365 | D:7      | Reached skill level 13 in Axes
  5371 | D:7      | Killed a cyclops
  5371 | D:7      | Reached **** piety under Okawaru
  5372 | D:7      | Reached XP level 10. HP: 51/84 MP: 7/9
  5374 | D:7      | Killed a cyclops
  5711 | D:7      | Identified a scroll of acquirement
  5711 | D:7      | Acquired a manual of Armour
  5765 | D:8      | Found a sparkling altar of Nemelex Xobeh.
  5807 | D:8      | Acquired the +0 pair of boots of Jueskueh {Drain rPois rC++
                  | rCorr}
  5858 | D:8      | Reached skill level 14 in Axes
  6112 | D:8      | Found a staircase to the Lair.
  6216 | D:8      | Reached ***** piety under Okawaru
  6399 | D:8      | Reached skill level 10 in Armour
  6728 | D:9      | Found Biudops's Lightly-Used Armoury.
  6793 | D:9      | Identified the +0 hat of Lies {Harm Str+2} (Okawaru gifted
                  | it to you on level 9 of the Dungeon)
  6793 | D:9      | Received a gift from Okawaru
  6833 | D:9      | Found a glowing silver altar of Zin.
  6833 | D:9      | Found a hide-covered altar of Uskayaw.
  6895 | D:9      | Found Zitiwnas's Tremendous Tomes.
  6926 | D:9      | Noticed Psyche
  6939 | D:9      | Noticed a two-headed ogre
  6944 | Abyss:1  | Cast into level 1 of the Abyss (Psyche)
  7077 | Abyss:1  | Noticed a wretched star
  7087 | Abyss:1  | Killed a wretched star
  7088 | Abyss:1  | Reached XP level 11. HP: 75/84 MP: 7/9
  7126 | Abyss:1  | HP: 2/84 [ettin simulacrum (7)]
  7129 | Abyss:1  | Mangled by a raiju

Illustrated notes

Levels and vault maps discovered:
D:1:      dpeg_arrival_rhombi, layout_loops_ring,
          corexii_item_surrounded_by_moat, serial_bayou_lake_a
D:2:      layout_loops_ring, solitary_fountain
D:3:      layout_loops_ring, grunt_temple_overflow_growth_and_decay
D:4:      layout_loops_ring, lemuel_crystal_altar, cheibrodos_gnoll_hut
D:5:      layout_basic, kennysheep_mini_moat, dreamdust_princess_corridor
D:6:      layout_loops_ring, xom_butterflies, minmay_temple_entry_proselytizer,
          gup_sewer_entry_spiral, uniq_menkaure
D:7:      minmay_the_grid_triangle_9x9_recursive_2
          [minmay_the_grid_triangle_9x9_prize_insulated,
          minmay_the_grid_triangle_9x9_cache,
          minmay_the_grid_triangle_9x9_stretched_checkered,
          minmay_the_grid_triangle_9x9_corrupted_corridor], layout_loops_ring,
          nicolae_ru_great_annihilating_truth, lemuel_coloured_pillars_altar
D:8:      layout_loops_cross, nemelex_xobeh_ov_fountains_minmay,
          erik_lair_island
D:9:      layout_loops_ring, mainiacjoe_overflow_divided_tiny,
          gammafunk_ghost_wrathful_warriors, nicolae_shop_i_like_big_books,
          minmay_shop_damaged, minmay_fractal_squares_5, uniq_psyche
Abyss:1:  base:
D:3

Skill      XL: |  1  2  3  4  5  6  7  8  9 10 |
---------------+-------------------------------+-----
Shields        | 4 5 6 |  6.8
Armour         | 4 5 6 8 10 | 10.9
Fighting       | 4 5 6 8 |  8.1
Axes           | 3 4 5 6 8 11 13 14 | 14.9
Dodging        | 1 2 3 |  3.8
Stealth        | 1 2 |  2.3
Invocations    | |  0.1

Action                     |  1- 3 |  4- 6 |  7- 9 | 10-12 || total
---------------------------+-------+-------+-------+-------++-------
  Melee: War axe           |    98 |   136 |    46 |       ||   280
         Headbutt          |    11 |    18 |    32 |    23 ||    84
         Hand axe          |       |       |   160 |   154 ||   314
 Invoke: Heroism           |       |       |     1 |       ||     1
    Use: Scroll            |       |     6 |     4 |    11 ||    21
         Potion            |       |       |     1 |     2 ||     3
   Stab: Invisible         |       |       |     1 |       ||     1
         Paralysed         |       |       |     1 |       ||     1
 Armour: Scale mail        |    60 |    22 |       |       ||    82
         Chain mail        |       |    49 |   105 |    58 ||   212
  Dodge: Dodged            |    43 |    51 |    69 |    81 ||   244
  Block: Buckler           |    26 |    45 |    42 |    53 ||   166
